 Dungeon Crawl Stone Soup version 0.16.1-18-g436b03c (webtiles) character file.

238 Floorman the Charlatan (level 5, 0/26 HPs)
             Began as a Spriggan Artificer on May 12, 2015.
             Slain by Pikel the black mamba (7 damage)
             ... on level 4 of the Dungeon.
             The game lasted 00:17:01 (3740 turns).

Floorman the Charlatan (Spriggan Artificer)         Turns: 3740, Time: 00:17:01

Health: 0/26       AC:  3    Str:  7    XL:     5   Next: 78%
Magic:  15/15      EV: 21    Int: 14    God:
Gold:   171        SH:  0    Dex: 17    Spells: 0 memorised, 4 levels left

rFire  . . .     SeeInvis +     a - +0 short sword
rCold  . . .     Clarity  +     e - +1 robe
rNeg   . . .     SustAb   +     (shield restricted)
rPois  .         Gourm    .     (helmet restricted)
rElec  .         Spirit   .     (no cloak)
rCorr  .         Warding  .     (gloves unavailable)
rMut   .         Stasis   .     (boots unavailable)
MR     .....                    h - amulet of clarity
Stlth  +++.......               (no ring)
                                j - ring of sustain abilities

@: very quick, not resistant to hostile enchantments, fairly stealthy
A: unfitting armour, antennae 1, see invisible, herbivore 3, speed 3, slow
metabolism 2
a: no special abilities


You were on level 4 of the Dungeon.
You were not hungry.

You visited 2 branches of the dungeon, and saw 5 of its levels.

You collected 171 gold pieces.

Inventory:

Hand weapons
 a - a +0 short sword (weapon)
Armour
 e - a +1 robe (worn)
Jewellery
 h - an amulet of clarity (around neck)
 j - a ring of sustain abilities (left hand)
Magical devices
 b - a wand of flame (0)
 c - a wand of enslavement (14)
 d - a wand of random effects (5)
Scrolls
 m - a scroll of fear
 q - a scroll of teleportation
Potions
 g - a potion of lignification {unknown}
 i - 4 potions of curing
 l - a potion of haste {unknown}
 n - 2 potions of ambrosia {unknown}
 o - a potion of berserk rage {unknown}
 p - a potion of flight {unknown}
 r - a potion of might {unknown}
Comestibles
 f - 3 bread rations


   Skills:
 + Level 1.9 Fighting
 + Level 2.1 Short Blades
 + Level 5.5 Dodging
 + Level 3.2 Stealth
 + Level 6.1 Evocations


You had 4 spell levels left.
You didn't know any spells.

Dungeon Overview and Level Annotations

Branches:
Dungeon (4/15)             Temple (1/1) D:4

Altars:
Ashenzari
Dithmenos
Fedhas
Gozag
Kikubaaqudgha
Makhleb
Okawaru
Sif Muna
Zin

Annotations:
D:4 Pikel


Innate Abilities, Weirdness & Mutations

You are tiny and cannot use many weapons and most armour.
You have supernaturally acute eyesight.
You are a herbivore.
You cover ground extremely quickly.
You need consume almost no food.
You have a pair of small antennae on your head.


Message History

Aim: Pikel, wielding a whip of electrocution and wearing a robe (lightly wounded) Pikel seems to slow down.
This wand has 8 charges left.
Zapping:
d - a wand of random effects (8)
Press: ? - help, Shift-Dir - straight line, f/p - Pikel
Aim: Pikel, wielding a whip of electrocution and wearing a robe (lightly wounded, slow)
The bolt of cold hits Pikel.
Pikel is heavily wounded.
This wand has 7 charges left.
Pikel closely misses you.
Zapping:
d - a wand of random effects (7)
Press: ? - help, Shift-Dir - straight line, f/p - Pikel
Aim: Pikel, wielding a whip of electrocution and wearing a robe (heavily wounded, slow) Pikel evaporates and reforms as a black mamba!
This wand has 6 charges left.
Pikel bites you.
* * * LOW HITPOINT WARNING * * *
Zapping:
d - a wand of random effects (6)
Press: ? - help, Shift-Dir - straight line, f/p - Pikel
Aim: Pikel the black mamba (lightly wounded) Pikel looks slightly unstable.
This wand has 5 charges left.
Pikel closely misses you. Pikel bites you!
You die...

..... # ... ..# ##..
#... ##..# ##
#..###...##...
#...#.p........
#............
#......p...#
#p..S.....#
##..@....## ..
#...)..## ...
##....[########
.....#..............
#.........<.........
....................
..........).........
....................
..................


You could see Pikel the black mamba and 3 neutral freed slaves.

Vanquished Creatures
  Menkaure (D:4)
  A hound (D:3)
  3 adders
  2 giant mites (D:1)
  2 worms
  An ooze (D:1)
  2 orcs (D:3)
  A ball python (D:3)
  10 goblins
  8 hobgoblins
  5 bats
  2 giant geckos
  4 giant newts
  8 kobolds
  7 rats
57 creatures vanquished.

Vanquished Creatures (collateral kills)
  3 orcs (D:3)
  A bat (D:3)
4 creatures vanquished.

Vanquished Creatures (others)
  A slave (D:4)
  A worker ant (D:4)
  An orc wizard (D:3)
  A kobold (D:4)
4 creatures vanquished.

Grand Total: 65 creatures vanquished

Notes
Turn   | Place    | Note
--------------------------------------------------------------
     0 | D:1      | Floorman, the Spriggan Artificer, began the quest for the Orb.
     0 | D:1      | Reached XP level 1. HP: 9/9 MP: 2/2
   111 | D:1      | Reached XP level 2. HP: 4/14 MP: 5/5
   623 | D:1      | Reached XP level 3. HP: 6/17 MP: 8/8
   629 | D:1      | Reached skill level 5 in Evocations
  1090 | D:1      | Reached skill level 1 in Fighting
  1515 | D:2      | Found a blossoming altar of Fedhas.
  1794 | D:2      | Reached XP level 4. HP: 12/22 MP: 11/11
  2684 | D:3      | Gained mutation: You have a pair of small antennae on your head. [potion of beneficial mutation]
  2698 | D:4      | Found a staircase to the Ecumenical Temple.
  2714 | Temple   | Entered the Ecumenical Temple
  2883 | D:4      | Noticed Menkaure
  2888 | D:4      | Killed Menkaure
  2888 | D:4      | Reached skill level 5 in Dodging
  2888 | D:4      | Reached XP level 5. HP: 24/26 MP: 14/14
  3295 | D:3      | Reached skill level 6 in Evocations
  3702 | D:4      | Noticed a slave
  3705 | D:4      | Noticed Pikel
  3705 | D:4      | Noticed a slave
  3706 | D:4      | Noticed a slave
  3709 | D:4      | Noticed a slave
  3718 | D:4      | a slave (ally) was killed
  3739 | D:4      | Noticed Pikel
  3739 | D:4      | Pikel changed into Pikel the black mamba
  3740 | D:4      | Slain by Pikel the black mamba

Action                   |  1- 3 |  4- 6 || total
-------------------------+-------+-------++-------
Melee: Short sword       |   120 |    68 ||   188
Evoke: Wand              |    19 |    34 ||    53
  Use: Scroll            |     7 |     3 ||    10
       Potion            |       |     4 ||     4
 Stab: Sleeping          |     1 |     2 ||     3
